 Dungeon Crawl Stone Soup version 0.27-a0-1196-g3e9cee4cb2 (webtiles) character file.

Game seed: 15292403167273903283

92 Glokmah the Ruffian (level 4, -1/45 HPs)
             Began as a Troll Delver on May 29, 2021.
             Slain by a bullfrog (2 damage)
             ... in a sewer.
             The game lasted 00:02:22 (431 turns).

Glokmah the Ruffian (Troll Delver)                   Turns: 431, Time: 00:02:23

Health: -1/45      AC:  4    Str: 20    XL:     4   Next: 35%
Magic:  3/3        EV: 10    Int:  6    God:
Gold:   14         SH:  0    Dex: 12    Spells: 3/3 levels left

rFire    . . .     SeeInvis .     - Unarmed
rCold    . . .     Faith    .   (no shield)
rNeg     . . .     Spirit   .   a - +0 robe
rPois    .         Reflect  .   (helmet restricted)
rElec    .         Harm     .   (no cloak)
rCorr    .         Rampage  .   (gloves unavailable)
Will     .....                  (boots unavailable)
Stlth    ++........             (no amulet)
HPRegen  1.15/turn              (no ring)
MPRegen  0.08/turn              (no ring)

@: lethally poisoned (-1 -> -2)
A: large, unfitting armour, claws 3, regeneration 1, shaggy fur 1, tough skin 1
a: no special abilities


You were in a sewer.
You visited 1 branch of the dungeon, and saw 1 of its levels.
You also visited: Sewer.

You collected 14 gold pieces.

Inventory:

Armour
 a - a +0 robe (worn)
Wands
 f - a wand of digging (3)
Scrolls
 b - 2 scrolls of fog
 c - a scroll of identify {unknown}
 d - a scroll of fear
 g - 2 scrolls of magic mapping
Potions
 e - 2 potions of haste
 h - a potion of curing {unknown}
 i - a potion of might {unknown}
 j - a potion of brilliance {unknown}


   Skills:
 + Level 3.1 Fighting
 - Level 1.5 Dodging
 - Level 2.7 Stealth
 * Level 4.0 Unarmed Combat


You had 3 spell levels left.
You didn't know any spells.
Your spell library was empty.

Dungeon Overview and Level Annotations

Branches:
Dungeon (5/15)              Sewer (1/1)
 Temple: D:4-7

Altars:


Innate Abilities, Weirdness & Mutations

You are too large for most types of armour.
You have claws for hands.
Your natural rate of healing is unusually fast.
You are covered in fur. (AC +1)
You have tough skin. (AC +1)


Message History

You are no longer poisoned.
The bullfrog seems to regain its courage.
The bullfrog croaks.
You scratch the adder.
The adder is moderately wounded.
The adder barely misses you. The bullfrog closely misses you.
You closely miss the adder.
The adder is moderately wounded.
The adder barely misses you. The bullfrog hits you. The adder bites you.
You miss the adder.
The adder is moderately wounded.
The bullfrog barely misses you. The adder barely misses you.
The bullfrog barely misses you.
You scratch the adder.
The adder is severely wounded.
The bullfrog hits you but does no damage.
The adder closely misses you.
You scratch the adder but do no damage.
The adder is severely wounded.
The bullfrog barely misses you. The adder bites you. The bullfrog hits you.
You completely miss the adder.
The adder is severely wounded.
The adder bites you. The bullfrog hits you.
You closely miss the bullfrog. The adder barely misses you.
The bullfrog hits you. The adder closely misses you.
You claw the bullfrog!
The bullfrog is moderately wounded.
The bullfrog hits you. The adder bites you.
* * * LOW HITPOINT WARNING * * *
The bullfrog hits you!
* * * LOW HITPOINT WARNING * * *
You claw the bullfrog!
The bullfrog is almost dead.
The adder bites you.
* * * LOW HITPOINT WARNING * * *
You are lethally poisoned!
The adder poisons you! The bullfrog misses you.
* * * LOW HITPOINT WARNING * * *
You feel sick. The adder closely misses you. The bullfrog hits you.
You die...

##...## #...#####
#....'..# #....#..#
##...####
#....#################
#.....#≈≈≈≈≈≈≈≈≈≈≈≈≈≈≈
##...S†≈≈≈≈≈≈≈≈≈≈≈≈≈≈≈
#...@F≈≈≈≈≈≈†≈≈≈≈≈≈≈≈
#....≈≈≈≈≈≈≈#≈≈≈≈≈≈≈≈
##....≈≈≈≈≈#≈.†≈#≈≈≈≈
###.#≈≈≈≈≈≈≈≈≈†≈≈≈≈≈
##################


You could see a bullfrog and an adder.

Vanquished Creatures
  3 river rats (Sewer)
  3 adders
  4 giant cockroaches (D:5)
  3 quokkas (D:5)
  11 ball pythons (Sewer)
  A frilled lizard (Sewer)
  24 rats (Sewer)
49 creatures vanquished.

Notes
Turn   | Place    | Note
-------+----------+-------------------------------------------
     0 | D:5      | Glokmah the Troll Delver began the quest for the Orb.
     0 | D:5      | Reached XP level 1. HP: 22/22 MP: 0/0
     3 | D:5      | Noticed an iguana
    40 | D:5      | Reached XP level 2. HP: 8/29 MP: 1/1
    76 | D:5      | Found a glowing drain.
    93 | D:5      | Reached skill level 3 in Unarmed Combat
   100 | Sewer    | Entered a sewer
   120 | Sewer    | Reached XP level 3. HP: 36/36 MP: 2/2
   297 | Sewer    | Reached XP level 4. HP: 40/45 MP: 3/3
   402 | Sewer    | Reached skill level 4 in Unarmed Combat
   403 | Sewer    | Noticed a bullfrog
   403 | Sewer    | Noticed a bullfrog
   430 | Sewer    | HP: 1/45 [adder (4)]
   431 | Sewer    | Slain by a bullfrog

Illustrated notes

Levels and vault maps discovered:
D:5:      minmay_inner_zag, layout_loops_ring, tgw_xom, gup_sewer_entry_pipe
Sewer:    sewer_minmay_w

Skill      XL: |  1  2  3  4 |
---------------+-------------+-----
Unarmed Combat | 3 4 |  4.0
Fighting       | 3 |  3.1
Dodging        | |  1.5
Stealth        | |  2.7

Action                   |  1- 3 |  4- 6 || total
-------------------------+-------+-------++-------
Melee: Unarmed           |    86 |    40 ||   126
       Punch             |       |     1 ||     1
  Use: Scroll            |     1 |     1 ||     2
 Stab: Sleeping          |     1 |       ||     1
Armor: Robe              |    38 |    12 ||    50
Dodge: Dodged            |    38 |    40 ||    78

Table legend: (Time is in decaauts)
 A = Elapsed time spent in this place.
 B = Non-inter-level travel time spent in this place.
 C = Inter-level travel time spent in this place.
 D = Time resting spent in this place.
 E = Time spent auto-exploring this place.
 F = Levels seen in this place.
 G = Mean time per level.
                   A        B        C        D        E       F      G
               +--------+--------+--------+--------+--------+-----+--------+
         Total |    485 |    485 |      0 |      8 |     37 |   2 |  242.5 |
       Dungeon |    102 |    102 |      0 |      8 |      0 |   1 |  102.0 |
         Sewer |    382 |    382 |      0 |      0 |     37 |   1 |  382.0 |
               +--------+--------+--------+--------+--------+-----+--------+

Top non-repeatable levels by time:
   Sewer: 382 daAuts
     D:5: 102 daAuts
